 Dungeon Sprint DCSS version 0.31-a0-344-gd109795599 (webtiles) character file.

Game seed: 5471035993101337478

66829 Conn the Sorcerer (level 15, -39/88 HPs)
             Began as an Octopode Fire Elementalist on July 22, 2023.
             Was the Champion of Sif Muna.
             Killed from afar by Roxanne (75 damage)
             ... with a crystal spear
             ... in the Dungeon (Sprint III: "The Ten Rune Challenge").
             The game lasted 01:09:18 (10342 turns).

Conn the Sorcerer (Octopode Fire Elementalist)     Turns: 10342, Time: 01:09:18

Health: -39/88     AC:  4    Str: 15    XL:     15   Next: 21%
Magic:  1/53       EV: 19    Int: 28    God:    Sif Muna [******]
Gold:   26         SH:  0    Dex: 24    Spells: 5/62 levels left

rFire   + . .        b - staff "Jelly's Curse" {rF+ Str+3 SInv Fire}
rCold   . . .        (no shield)
rNeg    . . .        v - +3 hat of Pondering {ponderous, Will+ MP+10 Int+5}
rPois   +            (no amulet)
rElec   +            e - ring of fire
rCorr   +            H - ring of poison resistance
SInv    +            r - ring "Gussyo" {Wiz rElec Str+6}
Will    ++...        A - +6 ring of dexterity
Stlth   ++++++       F - ring of ice
HPRegen 0.34/turn    I - ring of resist corrosion
MPRegen 0.33/turn    (no ring)
                     (no ring)

%: no teleportation, wizardry (x1)
@: slow
A: almost no armour, amphibious, 8 rings, camouflage 1, gelatinous body 1,
(nimble swimmer 1), tentacles, agile 1, deterioration 1, wild magic 1, no potion
heal 1
a: Renounce Religion, Channel Magic, Forget Spell, Divine Exegesis


You were in the Dungeon.
You worshipped Sif Muna.
Sif Muna was exalted by your worship.
You visited 1 branch You collected 2742 gold pieces.
You spent 2716 gold pieces at shops.

Inventory:

Hand Weapons
 p - a +0 long sword of holy wrath
 B - the +9 dagger of Frustration {drain, Fragile Int+6 SInv}
   (You bought it in a shop in the Dungeon)

   Int:       It affects your intelligence (+6).
   SInv:      It lets you see invisible.
   Fragile:   It will be destroyed if unequipped.
 G - the +4 mace of Zin's Regard {heavy, Str+4}
   (You bought it in a shop in the Dungeon)

   Str:       It affects your strength (+4).
 J - the +8 sling of Actus Reus {freeze, +Blink rF+}
   (You bought it in a shop in the Dungeon)

   rF:        It protects you from fire.
   +Blink:    It lets you blink.
Missiles
 u - 7 curare-tipped darts
Armour
 h - a +2 tower shield of reflection
 v - the +3 hat of Pondering (worn) {ponderous, Will+ MP+10 Int+5}
   (You took it off Gastronok in the Dungeon)

   Int:       It affects your intelligence (+5).
   MP:        It affects your magic capacity (+10).
   Will:      It increases your willpower.
Magical Staves
 b - the staff "Jelly's Curse" (weapon) {rF+ Str+3 SInv Fire}
   (You took it off a deep elf annihilator in the Dungeon)

   [staff of fire]

   Base accuracy: +5 Base damage: 5 Base attack delay: 1.2 This weapon's minimum
   attack delay (0.6) is reached at skill level 12.
   Str:       It affects your strength (+3).
   rF:        It protects you from fire.
   SInv:      It lets you see invisible.
   Fire:      It increases the power of your Fire spells.
   It falls into the 'Staves' category.
   It is a one-tentacled weapon.
 c - a staff of conjuration
 t - a staff of fire
Jewellery
 e - a ring of fire (left tentacle)
 q - the ring of Plog {Contam rElec rPois rF+ Dex-5}
   (You found it in the Dungeon)

   [ring of protection from fire]

   Dex:       It affects your dexterity (-5).
   rF:        It protects you from fire.
   rElec:     It insulates you from electricity.
   rPois:     It protects you from poison.
   Contam:    It causes magical contamination when unequipped.
 r - the ring "Gussyo" (on tentacle) {Wiz rElec Str+6}
   (You found it in the Dungeon)

   [ring of wizardry]

   It improves your spell success rate.
   Str:       It affects your strength (+6).
   rElec:     It insulates you from electricity.
 A - a +6 ring of dexterity (on tentacle)
 F - a ring of ice (on tentacle)
 H - a ring of poison resistance (right tentacle)
 I - a ring of resist corrosion (on tentacle)
Wands
 j - a wand of mindburst (6)
 n - a wand of light (10)
 o - a wand of roots (4)
Scrolls
 d - 3 scrolls of blinking
 f - 4 scrolls of amnesia
 g - a scroll of fear
 i - a scroll of brand weapon
 l - a scroll of torment
 s - a scroll of silence
 x - a scroll of enchant weapon
 y - 2 scrolls of immolation
 K - a scroll of identify
Potions
 a - 3 potions of magic
 k - a potion of enlightenment
 m - 3 potions of mutation
 w - a potion of cancellation
 z - a potion of brilliance
 C - 3 potions of curing
 D - a potion of heal wounds
 E - a potion of lignification


   Skills:
 + Level 3.3 Fighting
 + Level 3.3 Long Blades
 + Level 1.0 Staves
 + Level 6.9 Dodging
 - Level 9.1 Stealth
 * Level 8.7 Shields
 + Level 24.1 Spellcasting
 * Level 17.5 Conjurations
 - Level 4.7 Hexes
 + Level 0.6 Summonings
 + Level 4.8 Translocations
 - Level 21.8 Fire Magic
 * Level 6.3 Ice Magic
 + Level 2.6 Air Magic
 + Level 0.6 Earth Magic
 + Level 2.2 Poison Magic
 * Level 12.5 Invocations
 + Level 3.3 Evocations


You had 5 spell levels left.
You knew the following spells:

 Your Spells              Type           Power      Damage    Failure   Level
a - Foxfire               Conj/Fire      100%       2x1d9     1%          1
b - Scorch                Fire           100%       2d9       1%          2
c - Inner Flame           Hex/Fire       100%       N/A       1%          3
d - Flame Wave            Conj/Fire      100%       2d21      1%          4
e - Ignition              Fire           83%        3d21      1%          8
f - Stone Arrow           Conj/Erth      100%       3d13      1%          3
g - Orb of Destruction    Conj           53%        9d13      1%          7
h - Starburst             Conj/Fire      80%        6d20      1%          6
i - Iskenderun's Mystic   Conj/Tloc      90%        2d18      1%          4
j - Fireball              Conj/Fire      80%        3d30      1%          5
k - Summon Small Mammal   Summ           100%       N/A       1%          1
l - Mephitic Cloud        Conj/Pois/Air  78%        N/A       1%          3
m - Hailstorm             Conj/Ice       100%       3d20      1%          3
n - Blink                 Tloc           100%       N/A       1%          2
o - Metabolic Englaciati  Hex/Ice        45%        N/A       1%          5

Your spell library contained the following spells:

 Spells                   Type           Power      Damage    Failure   Level
 Freeze                   Ice            100%       1d10      1%          1
 Kiss of Death            Conj/Necr      100%       2d13      1%          1
 Magic Dart               Conj           100%       1d8       1%          1
 Necrotise                Necr           100%       1d9       1%          1
 Sandblast                Erth           96%        2d20      1%          1
 Shock                    Conj/Air       100%       1d9       1%          1
 Slow                     Hex            100%       N/A       1%          1
 Sting                    Tmut/Pois      100%       1d8       1%          1
 Call Imp                 Summ           96%        N/A       1%          2
 Cigotuvi's Dreadful Rot  Necr/Pois/Air  100%       N/A       1%          2
 Ensorcelled Hibernation  Hex/Ice        100%       N/A       1%          2
 Lesser Beckoning         Tloc           100%       N/A       1%          2
 Momentum Strike          Conj/Tloc      100%       3d10      1%          2
 Passwall                 Tmut/Erth      38%        N/A       1%          2
 Poisonous Vapours        Pois/Air       100%       N/A       1%          2
 Searing Ray              Conj           100%       2d8       1%          2
 Static Discharge         Conj/Air       100%       2-7/arc   1%          2
 Confusing Touch          Hex            68%        N/A       1%          3
 Dazzling Flash           Conj/Hex       100%       N/A       1%          3
 Frozen Ramparts          Ice            100%       1d16      1%          3
 Gell's Gravitas          Tloc           68%        N/A       1%          3
 Ignite Poison            Fire/Tmut/Pois 100%       N/A       1%          3
 Portal Projectile        Hex/Tloc       100%       N/A       1%          3
 Summon Guardian Golem    Hex/Summ       59%        N/A       1%          3
 Swiftness                Air            58%        N/A       1%          3
 Tukima's Dance           Hex            68%        N/A       1%          3
 Vampiric Draining        Necr           43%        2d9       1%          3
 Volatile Blastmotes      Fire/Tloc      100%       2d18      1%          3
 Cause Fear               Hex            34%        N/A       1%          4
 Fulminant Prism          Conj/Hex       45%        3d20      1%          4
 Sticky Flame             Conj/Fire      100%       2d11      1%          4
 Summon Ice Beast         Ice/Summ       80%        N/A       1%          4
 Arcjolt                  Conj/Air       43%        1d53      1%          5
 Freezing Cloud           Conj/Ice/Air   52%        6-21      1%          5
 Irradiate                Conj/Tmut      41%        3d25      1%          5
 Iskenderun's Battlesphe  Conj           100%       2d15      1%          5
 Airstrike                Air            29%        2d(5-21)  2%          4
 Anguish                  Hex/Necr       28%        N/A       2%          4
 Leda's Liquefaction      Hex/Erth       29%        N/A       2%          4
 Olgreb's Toxic Radiance  Pois           57%        N/A       2%          4
 Summon Lightning Spire   Summ/Air       54%        N/A       3%          4
 Silence                  Hex/Air        31%        N/A       4%          5
 Petrify                  Tmut/Erth      46%        N/A       5%          4
 Summon Mana Viper        Hex/Summ       59%        N/A       5%          5
 Animate Dead             Necr           43%        N/A       6%          4
 Dispel Undead            Necr           43%        3d17      6%          4
 Borgnjor's Vile Clutch   Necr/Erth      23%        N/A       13%         5
 Agony                    Necr           43%        N/A       14%         5
 Conjure Ball Lightning   Conj/Air       43%        3x3d15    1%          6
 Plasma Beam              Fire/Air       70%        2x1d87    1%          6
 Leda's Unmaking          Conj/Erth      41%        9d7       2%          6
 Spellforged Servitor     Conj/Summ      41%        N/A       11%         7
 Dispersal                Tloc           34%        N/A       12%         6
 Fire Storm               Conj/Fire      80%        8d20      16%         9
 Simulacrum               Ice/Necr       39%        N/A       21%         6
 Summon Cactus Giant      Summ           24%        N/A       47%         6
 Enfeeble                 Hex            34%        N/A       47%         7
 Lehudib's Crystal Spear  Conj/Erth      41%        10d10     56%         8
 Malign Gateway           Summ/Tloc      29%        N/A       75%         7
 Monstrous Menagerie      Summ           24%        N/A       94%         7
 Haunt                    Necr/Summ      23%        N/A       95%         7
 Discord                  Hex            34%        N/A       98%         8
 Disjunction              Tloc           34%        N/A       98%         8
 Chain Lightning          Conj/Air       43%        3d58      99%         9
 Infestation              Necr           21%        N/A       100%        8
 Maxwell's Capacitive Co  Air            29%        ∞         100%        8
 Summon Horrible Things   Summ           24%        N/A       100%        8
 Shatter                  Erth           24%        3d21*     100%        9


Dungeon Overview and Level Annotations

Branches:
Dungeon (1/1)

Altars:
Cheibriados
Dithmenos
Elyvilon
Fedhas
Gozag
Hepliaklqana
Kikubaaqudgha
Makhleb
Nemelex Xobeh
Okawaru
Qazlal
Ru
Sif Muna
Trog
Uskayaw
Vehumet
Wu Jian
Xom
Yredelemnul
Zin
The Shining One
Jiyva
Lugonu

Shops:
D ?[!![?**:!![(=*[

Annotations:
D Azrael, Roxanne


Innate Abilities, Weirdness & Mutations

You cannot wear most types of armour.
You are amphibious.
You can wear up to eight rings at the same time.
Your skin changes colour to match your surroundings (Stealth+).
Your rubbery body absorbs attacks. (AC +1, EV +1)
((You are camouflaged when in or above water. (Stealth+)))
You have tentacles for arms and can constrict up to eight enemies at once.
You are agile. (Dex +4, Str/Int -1)
Your body sometimes deteriorates upon taking damage.
Your spells are a little harder to cast, but a little more powerful.
Potions are less effective at restoring your health.


Message History

Aiming: Orb of Destruction (dangerous; 1% risk of failure)
Press: ? - help, Shift-Dir - straight line, f/p - Roxanne
Aim: Roxanne (heavily damaged)
Your orb of destruction hits a metal wall.
Unknown command.
Casting: Orb of Destruction (dangerous; 1% risk of failure)
Confirm with . or Enter, or press ? or * to list all spells.
Aiming: Orb of Destruction (dangerous; 1% risk of failure)
Press: ? - help, Shift-Dir - straight line, f/p - Roxanne
Aim: Roxanne (heavily damaged) Unknown command.
The orb of destruction hits Roxanne!!!
Roxanne is severely damaged.
Unknown command.
Casting: Orb of Destruction (dangerous; 1% risk of failure)
Confirm with . or Enter, or press ? or * to list all spells.
Aiming: Orb of Destruction (dangerous; 1% risk of failure)
Press: ? - help, Shift-Dir - straight line, f/p - Roxanne
Aim: Roxanne (severely damaged) Roxanne casts a spell.
You blink.
Unknown command.
The orb of destruction hits Roxanne!!
Roxanne is almost destroyed.
Roxanne casts a spell.
The crystal spear hits you!!!
Ouch! That really hurt!
* * * LOW HITPOINT WARNING * * *
Unknown command.
Casting: Orb of Destruction (dangerous; 1% risk of failure)
Confirm with . or Enter, or press ? or * to list all spells.
Okay, then.
Unknown command.
Unknown command.
Your system partially rejects the healing.
You feel much better.
Roxanne casts a spell.
The crystal spear hits you!!!!
Ouch! That really hurt!
You die...

#'#'###...###^#.
###.#.# ##'####.##
..#'#####.≈≈≈'#^##
#.#..'∩∩#.≈≈.#^^##
##.####∩∩#.≈≈.#####
###...###..#..≈.#..'~
+...8°°°○..'..~~'..#~
#...###..#≈≈≈.#..#.
##@## #..#)...#..#.
#.# #..####+##### #+#
#..#.#.#.#.#.
+..'#.#.#.#.#
#..#.#.#.#.#.
#######▓▓▓▓▓▓


You could see Roxanne.

Vanquished Creatures
  Mara (D)
  Sojobo (D)
  Boris (D)
  Nikola (D)
  Rupert (D)
  Gastronok (D)
  A deep elf blademaster (D)
  Chuck (D)
  Harold (D)
  A storm dragon (D)
  A deep elf demonologist (D)
  A deep elf annihilator (D)
  2 vampire knights (D)
  2 dire elephants (D)
  A deep elf death mage (D)
  A fire dragon (D)
  An iron golem (D)
  A deep elf high priest (D)
  3 yaktaur captains (D)
  2 hydras (D)
  Erolcha (D)
  A centaur warrior (D)
  4 dancing weapons (D)
  4 death yaks (D)
  4 hell knights (D)
  2 deep elf knights (D)
  4 orc high priests (D)
  A shadow wraith (D)
  3 skeletal warriors (D)
  2 golden dragon zombies (D)
  A death drake (D)
  2 spectral iron dragons (D)
  An anaconda zombie (D)
  An obsidian statue (D)
  A swamp dragon (shapeshifter) (D)
  A deep elf zephyrmancer (D)
  A lindwurm (D)
  Joseph (D)
  A lindwurm (shapeshifter) (D)
  5 ugly things (D)
  5 deep elf pyromancers (D)
  An orc knight (D)
  4 crystal guardians (D)
  A moth of wrath (shapeshifter) (D)
  2 oklob plants (D)
  2 elephants (D)
  2 black mambas (D)
  2 eyes of devastation (shapeshifter) (D)
  4 statues (D)
  2 cane toads (D)
  A molten gargoyle (D)
  A rime drake (D)
  2 yaktaurs (D)
  A komodo dragon (D)
  An anaconda simulacrum (D)
  3 wandering mushrooms (D)
  4 spriggan defenders (D)
  2 tyrant leeches (D)
  A queen bee (D)
  3 hornets (D)
  8 blink frogs (D)
  5 slime creatures (D)
  A shadow (D)
  4 redbacks (D)
  A spatial vortex (D)
  A hydra simulacrum (D)
  An iron troll simulacrum (D)
  A swamp drake (D)
  3 orc warriors (D)
  5 two-headed ogres (D)
  A water elemental (D)
  A necrophage (D)
  32 killer bees (D)
  4 electric eels (D)
  3 orc priests (D)
  A jelly (D)
  A wizard (D)
  4 orc wizards (D)
  2 necromancers (D)
  A polar bear simulacrum (D)
  2 wolf simulacra (D)
  3 humans (D)
  A kobold demonologist (D)
  A phantom (D)
  6 orcs (D)
  An endoplasm (D)
  3 rats (D)
  2 ballistomycete spores (D)
209 creatures vanquished.

Vanquished Creatures (others)
  A mummy priest (D)
  6 ball lightnings (D)
  A ballistomycete spore (D)
  466 foxfires (D)
474 creatures vanquished.

Grand Total: 683 creatures vanquished

Notes
Turn   | Place    | Note
-------+----------+-------------------------------------------
     0 | D        | Conn the Octopode Fire Elementalist began the quest for the
                  | Orb.
     0 | D        | Reached XP level 1. HP: 11/11 MP: 3/3
   103 | D        | Reached skill level 5 in Fire Magic
   103 | D        | Reached XP level 2. HP: 17/17 MP: 0/5
   133 | D        | Reached XP level 3. HP: 13/21 MP: 0/7
   239 | D        | Gained mutation: Your magical capacity is low. (-10% MP)
                  | [potion of mutation]
   239 | D        | Gained mutation: You are weak. (Str -2) [potion of
                  | mutation]
   240 | D        | Lost mutation: Your magical capacity is low. (-10% MP)
                  | [potion of mutation]
   240 | D        | Lost mutation: You are weak. (Str -2) [potion of mutation]
   240 | D        | Gained mutation: You are clumsy. (Dex -2) [potion of
                  | mutation]
   240 | D        | Gained mutation: Your spells are a little easier to cast,
                  | but a little less powerful. [potion of mutation]
   240 | D        | Gained mutation: You occasionally shout uncontrollably at
                  | your foes. [potion of mutation]
   241 | D        | Lost mutation: You are clumsy. (Dex -2) [potion of
                  | mutation]
   241 | D        | Lost mutation: You occasionally shout uncontrollably at
                  | your foes. [potion of mutation]
   241 | D        | Lost mutation: Your spells are a little easier to cast, but
                  | a little less powerful. [potion of mutation]
   241 | D        | Gained mutation: Potions are less effective at restoring
                  | your health. [potion of mutation]
   241 | D        | Gained mutation: You are agile. (Dex +4, Str/Int -1)
                  | [potion of mutation]
   241 | D        | Gained mutation: Your spells are a little harder to cast,
                  | but a little more powerful. [potion of mutation]
   253 | D        | Learned a level 2 spell: Scorch
   257 | D        | Learned a level 3 spell: Inner Flame
   266 | D        | Noticed a water elemental
   269 | D        | Killed a water elemental
   270 | D        | Reached skill level 4 in Spellcasting
   270 | D        | Reached XP level 4. HP: 27/27 MP: 1/10
   357 | D        | Learned a level 4 spell: Flame Wave
   470 | D        | Noticed a human
   481 | D        | Killed a human
   482 | D        | Reached skill level 5 in Stealth
   482 | D        | Reached skill level 5 in Spellcasting
   482 | D        | Reached XP level 5. HP: 22/31 MP: 3/13
   561 | D        | Noticed a human
   565 | D        | Killed a human
   566 | D        | Reached skill level 6 in Spellcasting
   566 | D        | Reached skill level 10 in Fire Magic
   566 | D        | Reached XP level 6. HP: 36/36 MP: 7/15
   621 | D        | Found an ornate altar of the Wu Jian Council.
   622 | D        | Found a hide-covered altar of Uskayaw.
   622 | D        | Found a bloodstained altar of Trog.
   624 | D        | Found a radiant altar of Vehumet.
   624 | D        | Found a shimmering blue altar of Sif Muna.
   624 | D        | Found an ancient bone altar of Kikubaaqudgha.
   627 | D        | Reached skill level 7 in Spellcasting
   634 | D        | Became a worshipper of Sif Muna the Loreminder
   675 | D        | Found an iron altar of Okawaru.
   682 | D        | Found a basalt altar of Yredelemnul.
   682 | D        | Found a shadowy altar of Dithmenos.
   682 | D        | Found a sacrificial altar of Ru.
   686 | D        | Reached XP level 7. HP: 32/41 MP: 11/18
   731 | D        | Found a glowing silver altar of Zin.
   731 | D        | Found a glowing golden altar of the Shining One.
   731 | D        | Found a white marble altar of Elyvilon.
   735 | D        | Noticed a deep elf pyromancer
   738 | D        | Noticed a fire elemental
   738 | D        | Noticed a fire elemental
   739 | D        | Killed a deep elf pyromancer
   739 | D        | Reached * piety under Sif Muna
   740 | D        | Reached skill level 9 in Spellcasting
   740 | D        | Reached XP level 8. HP: 38/46 MP: 8/21
   938 | D        | Noticed a shadow
   940 | D        | Killed a shadow
  1038 | D        | Reached ** piety under Sif Muna
  1039 | D        | Reached skill level 5 in Dodging
  1070 | D        | Found a blossoming altar of Fedhas.
  1186 | D        | Found a stormy altar of Qazlal.
  1187 | D        | Found a snail-covered altar of Cheibriados.
  1187 | D        | Found a burning altar of Makhleb.
  1187 | D        | Found a hazy altar of Hepliaklqana.
  1187 | D        | Found a shimmering altar of Xom.
  1187 | D        | Found an opulent altar of Gozag.
  1187 | D        | Found a sparkling altar of Nemelex Xobeh.
  1187 | D        | Found a corrupted altar of Lugonu.
  1187 | D        | Found a viscous altar of Jiyva.
  1254 | D        | Reached skill level 10 in Spellcasting
  1422 | D        | Reached skill level 1 in Hexes
  1561 | D        | Noticed a two-headed ogre
  1603 | D        | Killed a two-headed ogre
  1604 | D        | Reached XP level 9. HP: 44/52 MP: 10/23
  1728 | D        | Found Magice's Magic Scroll Emporium.
  1732 | D        | Reached *** piety under Sif Muna
  1735 | D        | Reached **** piety under Sif Muna
  1736 | D        | Reached skill level 11 in Spellcasting
  1739 | D        | Noticed an orc knight
  1739 | D        | Noticed a smoke demon
  1742 | D        | Noticed an orc high priest
  1932 | D        | Reached ***** piety under Sif Muna
  1933 | D        | Reached skill level 5 in Conjurations
  1963 | D        | Killed an orc knight
  1964 | D        | Reached skill level 1 in Fighting
  1964 | D        | Reached skill level 1 in Long Blades
  1964 | D        | Reached skill level 12 in Spellcasting
  1964 | D        | Reached skill level 1 in Evocations
  2120 | D        | Received a gift from Sif Muna
  2169 | D        | Bought a scroll of blinking for 75 gold pieces
  2169 | D        | Bought a scroll of blinking for 75 gold pieces
  2169 | D        | Bought a scroll of blinking for 75 gold pieces
  2169 | D        | Bought 3 scrolls of identify for 60 gold pieces
  2180 | D        | Noticed a deep elf knight
  2180 | D        | Noticed a deep elf pyromancer
  2180 | D        | Noticed a deep elf knight
  2180 | D        | Noticed a deep elf pyromancer
  2180 | D        | Noticed a deep elf pyromancer
  2192 | D        | Killed a deep elf pyromancer
  2192 | D        | Killed a deep elf pyromancer
  2193 | D        | Reached XP level 10. HP: 48/59 MP: 18/26
  2200 | D        | Killed a deep elf knight
  2200 | D        | Killed a deep elf knight
  2201 | D        | Reached skill level 13 in Spellcasting
  2201 | D        | Reached skill level 15 in Fire Magic
  2205 | D        | Killed a deep elf pyromancer
  2351 | D        | Noticed a deep elf demonologist
  2356 | D        | Noticed a deep elf blademaster
  2360 | D        | Noticed an Ice Fiend
  2362 | D        | Killed a deep elf demonologist
  2363 | D        | Reached skill level 14 in Spellcasting
  2428 | D        | Identified the +3 plate armour "Ynweoligh" {rN++}
  2428 | D        | Noticed a deep elf high priest
  2447 | D        | Killed a deep elf high priest
  2447 | D        | Received a gift from Sif Muna
  2586 | D        | Learned a level 8 spell: Ignition
  2590 | D        | Identified the staff "Jelly's Curse" {rF+ Str+3 SInv Fire}
  2590 | D        | Noticed a deep elf annihilator
  2590 | D        | Noticed a deep elf pyromancer
  2607 | D        | Noticed a deep elf death mage
  2607 | D        | Noticed a deep elf zephyrmancer
  2608 | D        | Killed a deep elf pyromancer
  2609 | D        | Reached XP level 11. HP: 47/64 MP: 11/29
  2610 | D        | Killed a deep elf death mage
  3000 | D        | Killed a ghostly deep elf death mage
  3001 | D        | Reached skill level 15 in Spellcasting
  3003 | D        | Killed a deep elf zephyrmancer
  3719 | D        | Killed a deep elf annihilator
  3926 | D        | Killed a deep elf blademaster
  3949 | D        | Identified the ring of Plog {Contam rElec rPois rF+ Dex-5}
  3949 | D        | Identified the ring "Gussyo" {Wiz rElec Str+6}
  3955 | D        | Identified the -2 cloak of Tenacity {Dex+3}
  4069 | D        | Learned a level 3 spell: Stone Arrow
  4075 | D        | Learned a level 5 spell: Iskenderun's Battlesphere
  4146 | D        | Noticed Erolcha
  4149 | D        | Killed Erolcha
  4149 | D        | Received a gift from Sif Muna
  4150 | D        | Reached skill level 1 in Invocations
  4156 | D        | Killed an orc high priest
  4157 | D        | Reached skill level 16 in Spellcasting
  4289 | D        | Received a gift from Sif Muna
  4290 | D        | Reached ****** piety under Sif Muna
  4291 | D        | Received a gift from Sif Muna
  4293 | D        | Received a gift from Sif Muna
  4295 | D        | Received a gift from Sif Muna
  4298 | D        | Reached XP level 12. HP: 34/70 MP: 11/32
  4302 | D        | Got Sif Muna's Disquisition on Undead Curses {god gift}
  4302 | D        | Got Vumoikh's Atlas of Outbursts {god gift}
  4310 | D        | Learned a level 6 spell: Starburst
  4315 | D        | Learned a level 4 spell: Iskenderun's Mystic Blast
  4321 | D        | Learned a level 5 spell: Fireball
  4401 | D        | Noticed Joseph
  4403 | D        | Noticed Harold
  4406 | D        | Killed Harold
  4407 | D        | Killed Joseph
  4407 | D        | Received a gift from Sif Muna
  4408 | D        | Reached skill level 5 in Invocations
  4411 | D        | Got Sif Muna's Omnibus of Hexes and Apparitions {god gift}
  4420 | D        | Learned a level 1 spell: Summon Small Mammal
  4705 | D        | Received a gift from Sif Muna
  4709 | D        | Got Cisirob's Verses on the Assassin and Execration {god
                  | gift}
  4757 | D        | Reached skill level 17 in Spellcasting
  4866 | D        | Noticed a dire elephant
  4866 | D        | Noticed a dire elephant
  4873 | D        | Killed a dire elephant
  4894 | D        | Noticed Gastronok
  5075 | D        | Killed Gastronok
  5075 | D        | Noticed a seven-headed hydra
  5075 | D        | Noticed an eight-headed hydra
  5080 | D        | Killed an eight-headed hydra
  5080 | D        | Received a gift from Sif Muna
  5081 | D        | Reached skill level 10 in Conjurations
  5081 | D        | Killed a seven-headed hydra
  5303 | D        | Killed a dire elephant
  5372 | D        | Got Sif Muna's Omnibus of Fulgurant Glamour {god gift}
  5395 | D        | Received a gift from Sif Muna
  5398 | D        | Reached XP level 13. HP: 52/75 MP: 11/34
  5408 | D        | Learned a level 3 spell: Mephitic Cloud
  5581 | D        | Received a gift from Sif Muna
  5698 | D        | Reached skill level 18 in Spellcasting
  5738 | D        | Received a gift from Sif Muna
  5739 | D        | Got Sif Muna's Book of Spectres and the Shot {god gift}
  5757 | D        | Reached skill level 1 in Staves
  5815 | D        | Noticed Rupert
  5824 | D        | Paralysed by Rupert for 3 turns
  5825 | D        | Killed Rupert
  5826 | D        | Reached skill level 19 in Spellcasting
  5961 | D        | Noticed an azure jelly
  5961 | D        | Noticed an azure jelly
  5961 | D        | Noticed an azure jelly
  5961 | D        | Noticed an azure jelly
  6030 | D        | Identified the +1 robe of Virtue {rC+ Int+3 Dex+3}
  6238 | D        | Learned a level 7 spell: Orb of Destruction
  6254 | D        | Received a gift from Sif Muna
  6255 | D        | Reached skill level 1 in Poison Magic
  6264 | D        | Learned a level 3 spell: Hailstorm
  6345 | D        | Reached skill level 1 in Translocations
  6551 | D        | Received a gift from Sif Muna
  6688 | D        | Reached skill level 10 in Invocations
  6734 | D        | Noticed a yaktaur captain
  6736 | D        | Received a gift from Sif Muna
  6737 | D        | Reached skill level 20 in Spellcasting
  6737 | D        | Killed a yaktaur captain
  6739 | D        | Got Qarhizi's Almanac of Doomed Reconstruction {god gift}
  6961 | D        | Learned a level 2 spell: Blink
  6963 | D        | Noticed Chuck
  6974 | D        | Killed Chuck
  6975 | D        | Reached skill level 1 in Air Magic
  7156 | D        | Noticed Sojobo
  7174 | D        | Paralysed by an air elemental for 1 turns
  7411 | D        | Killed Sojobo
  7411 | D        | Received a gift from Sif Muna
  7412 | D        | Reached skill level 21 in Spellcasting
  7412 | D        | Reached XP level 14. HP: 53/83 MP: 25/39
  7412 | D        | Got Sif Muna's Incunable of Misfortune and Leadership {god
                  | gift}
  7602 | D        | Reached skill level 1 in Shields
  7865 | D        | Received a gift from Sif Muna
  7867 | D        | Got Sif Muna's Grimoire of Corruption and the Atmosphere
                  | {god gift}
  8096 | D        | Reached skill level 15 in Conjurations
  8340 | D        | Identified the +1 scale mail "Vuiguwi" {rC- Str+4 Slay+3}
  8404 | D        | Received a gift from Sif Muna
  8405 | D        | Got Sif Muna's Almanac of Blasted Exhalation {god gift}
  8410 | D        | Reached skill level 22 in Spellcasting
  8515 | D        | Found Wutipae's Distillery.
  8515 | D        | Found Ruhima's Armour Shop.
  8515 | D        | Found Vumiot's Antique Armour Shoppe.
  8515 | D        | Found Uqeco's Book Boutique.
  8515 | D        | Found Fazy Reg's Distillery.
  8515 | D        | Found Luamuor's Assorted Antiques.
  8515 | D        | Found Hikleschadd's Assorted Antiques.
  8515 | D        | Found Jat Ran's Assorted Antiques.
  8515 | D        | Found Tonuojag's Jewellery Emporium.
  8515 | D        | Found Lauv's Magic Scroll Emporium.
  8515 | D        | Found Enypsion's Antique Weapon Boutique.
  8664 | D        | Bought a shiny bone ring for 100 gold pieces
  8666 | D        | Bought a scroll of acquirement for 520 gold pieces
  8666 | D        | Bought a scroll of blinking for 75 gold pieces
  8669 | D        | Bought a potion of curing for 36 gold pieces
  8669 | D        | Bought a potion of curing for 36 gold pieces
  8671 | D        | Bought a potion of heal wounds for 50 gold pieces
  8671 | D        | Bought a potion of lignification for 30 gold pieces
  8674 | D        | Bought a ring of ice for 350 gold pieces
  8675 | D        | Acquired 1047 gold pieces
  8677 | D        | Bought a brightly glowing dagger for 140 gold pieces
  8677 | D        | Identified the +9 dagger of Frustration {drain, Fragile
                  | Int+6 SInv} (You bought it in a shop in the Dungeon)
  8677 | D        | Bought a warped mace for 160 gold pieces
  8677 | D        | Identified the +4 mace of Zin's Regard {heavy, Str+4} (You
                  | bought it in a shop in the Dungeon)
  8682 | D        | Bought a ring of poison resistance for 280 gold pieces
  8682 | D        | Bought a ring of resist corrosion for 280 gold pieces
  8689 | D        | Gained mutation: Your body sometimes deteriorates upon
                  | taking damage. [mutagenic glow]
  8694 | D        | Bought an encrusted sling for 214 gold pieces
  8694 | D        | Identified the +8 sling of Actus Reus {freeze, +Blink rF+}
                  | (You bought it in a shop in the Dungeon)
  8695 | D        | Bought a scroll of identify for 40 gold pieces
  8710 | D        | Bought a scroll of identify for 20 gold pieces
  8710 | D        | Bought a scroll of identify for 20 gold pieces
  8710 | D        | Bought a scroll of identify for 20 gold pieces
  8710 | D        | Bought a scroll of identify for 20 gold pieces
  8710 | D        | Bought a scroll of immolation for 40 gold pieces
  8737 | D        | Reached skill level 5 in Shields
  9046 | D        | Noticed Azrael
  9097 | D        | Received a gift from Sif Muna
  9106 | D        | Got Sif Muna's Omnibus of the Frore Arsonist {god gift}
  9117 | D        | Learned a level 5 spell: Metabolic Englaciation
  9212 | D        | Noticed Mara
  9213 | D        | Noticed a vampire knight
  9213 | D        | Noticed a vampire knight
  9252 | D        | Noticed Conn's illusion
  9255 | D        | Killed Mara
  9264 | D        | Killed a vampire knight
  9483 | D        | Killed a vampire knight
  9617 | D        | Received a gift from Sif Muna
  9736 | D        | Reached skill level 23 in Spellcasting
  9917 | D        | Noticed Nikola
  9917 | D        | Noticed a storm dragon
  9918 | D        | Killed a storm dragon
  9918 | D        | Received a gift from Sif Muna
  9924 | D        | Killed Nikola
  9925 | D        | Reached XP level 15. HP: 88/88 MP: 34/42
  9927 | D        | Got Sif Muna's Enchiridion on the Fair Folk and
                  | Electrocution {god gift}
  9983 | D        | Reached skill level 5 in Ice Magic
  9997 | D        | Found Dudwa's Armour Shoppe.
  9997 | D        | Found Urimeby's Distillery.
  9999 | D        | Found Cyhun's Distillery.
  9999 | D        | Found Verusaez's Armour Emporium.
 10019 | D        | Received a gift from Sif Muna
 10022 | D        | Got Acvec's Vellum of the Spatial Squall {god gift}
 10142 | D        | Noticed Boris
 10150 | D        | Killed Boris
 10151 | D        | Reached skill level 24 in Spellcasting
 10191 | D        | Received a gift from Sif Muna
 10329 | D        | Noticed Roxanne
 10342 | D        | Killed from afar by Roxanne

Illustrated notes

Levels and vault maps discovered:
D:        dungeon_sprint_mu [sprint_mu_entry_forest, sprint_mu_temple_rooms,
          sprint_mu_d1_spiders, sprint_mu_d2_genie, sprint_mu_d3_branching,
          sprint_mu_orc_legion, sprint_mu_elf_gauntlet, sprint_mu_hive_nellie,
          sprint_mu_lair_fedhas, sprint_mu_vaults_butterflies,
          sprint_mu_slime_circle, sprint_mu_swamp_cave, sprint_mu_snake_twists,
          sprint_mu_blade_basic, sprint_mu_crypt_fortress,
          sprint_mu_tomb_spiral, sprint_mu_vestibule_basic,
          sprint_mu_gehenna_hellfire, sprint_mu_dis_giant,
          sprint_mu_tartarus_statrot, sprint_mu_cocytus_islands, sprint_mu_zot1]

Skill      XL: |  1  2  3  4  5  6  7  8  9 10 11 12 13 14 15 |
---------------+----------------------------------------------+-----
Dodging        | 3 4 5 6 |  6.9
Stealth        | 3 4 5 6 7 8 9 |  9.1
Fire Magic     | 5 6 9 10 12 13 14 16 19 21 | 21.8
Spellcasting   | 4 5 6 7 9 10 12 14 16 17 21 23 24 | 24.1
Conjurations   | 2 3 4 5 6 8 10 13 17 | 17.5
Hexes          | 1 3 4 |  4.7
Fighting       | 1 2 3 |  3.3
Long Blades    | 2 3 |  3.3
Evocations     | 2 3 |  3.3
Invocations    | 4 7 10 11 12 | 12.5
Staves         | 1 |  1.0
Poison Magic   | 1 2 |  2.2
Translocations | 2 4 |  4.8
Air Magic      | 1 2 |  2.6
Shields        | 7 8 |  8.7
Ice Magic      | 4 6 |  6.3
Summonings     | |  0.6
Earth Magic    | |  0.6

Action                     |  1- 3 |  4- 6 |  7- 9 | 10-12 | 13-15 || total
---------------------------+-------+-------+-------+-------+-------++-------
  Melee: Unarmed           |     9 |       |       |       |       ||     9
         Constrict         |     2 |       |     1 |       |     2 ||     5
         Tentacles         |     1 |       |     1 |       |     4 ||     6
         Long sword        |       |       |     5 |     1 |       ||     6
         Staff             |       |       |       |       |    10 ||    10
   Cast: Foxfire           |    12 |     1 |    51 |   180 |    34 ||   278
         Scorch            |     3 |     6 |    23 |    27 |     6 ||    65
         Flame Wave        |       |     2 |     9 |     8 |     4 ||    23
         Inner Flame       |       |       |    12 |    45 |     2 ||    59
         Iskenderun's Batt |       |       |       |     3 |       ||     3
         Ignition          |       |       |       |     2 |    36 ||    38
         Starburst         |       |       |       |    17 |    32 ||    49
         Fireball          |       |       |       |    14 |    14 ||    28
         Orb of Destructio |       |       |       |       |    48 ||    48
         Iskenderun's Myst |       |       |       |       |    30 ||    30
         Mephitic Cloud    |       |       |       |       |     7 ||     7
         Blink             |       |       |       |       |    12 ||    12
         Stone Arrow       |       |       |       |       |     4 ||     4
         Hailstorm         |       |       |       |       |     3 ||     3
 Invoke: Channel Magic     |       |       |       |       |     3 ||     3
  Evoke: Wand              |       |       |     4 |     3 |       ||     7
    Use: Potion            |     3 |       |     4 |     3 |     4 ||    14
         Scroll            |       |       |     5 |       |    10 ||    15
   Stab: Invisible         |       |       |     1 |       |       ||     1
 Armour: Skin              |     2 |       |     6 |       |     2 ||    10
  Dodge: Dodged            |     8 |     1 |    13 |    13 |    25 ||    60

Table legend: (Time is in decaauts) A = Elapsed time spent in this place. B = Non-inter-level travel time spent in this place. C = Inter-level travel time spent in this place. D = Time resting spent in this place. E = Time spent auto-exploring this place. F = Levels seen in this place. G = Mean time per level. A B C D E F G +--------+--------+--------+--------+--------+-----+--------+ Total | 10458 | 10456 | 2 | 6713 | 138 | 1 | 10458.0 | Dungeon | 10458 | 10456 | 2 | 6713 | 138 | 1 | 10458.0 | +--------+--------+--------+--------+--------+-----+--------+

Top non-repeatable levels by time:
       D: 10458 daAuts
